Map: Nightshade LE

Players

tucker

  • Race: Terran Terran
  • League: Master
  • Spawn Location: 5:00

A.I. 1 (Very Easy) - Winner!

  • Race: Protoss Protoss
  • Spawn Location: 11:00

VOD

Have the link to the VOD?

Description

Time

  • Played on: April 12, 2020, 1:08 p.m.
  • Length: 6:29
Show
View Real Time Build Order
Export as new Build Order

tucker Terran 

Build Orders: Reaper Expand 

Get SALT Encoding   

  12  0:01  SCV  
  13  0:13  SCV  
  14  0:18  Supply Depot  
  14  0:25  SCV  
  15  0:39  SCV  
  15  0:41  Barracks  
  16  0:45  Refinery  
  16  0:51  SCV  
  17  1:03  SCV  
  18  1:16  SCV  
  19  1:29  Reaper  
  19  1:30  Orbital Command  
  20  1:42  Command Center  
  20  1:52  Bunker  
  20  1:56  SCV  
  21  2:01  Marine  
  21  2:04  Supply Depot  
  22  2:10  SCV  
  23  2:17  Factory  
  23  2:26  SCV, Refinery  
  24  2:30  Barracks Reactor  
  24  2:38  SCV  
  25  2:50  SCV  
  26  2:54  Orbital Command  
  26  3:01  Widow Mine  
  26  3:02  SCV, Starport  
  29  3:07  Marine  
  29  3:08  Marine  
  31  3:14  SCV  
  32  3:22  Widow Mine  
  32  3:24  Supply Depot  
  32  3:26  SCV  
  32  3:27  SCV  
  36  3:28  Marine x2  
  38  3:38  SCV  
  38  3:39  SCV, Medivac  
  42  3:44  Widow Mine  
  44  3:50  SCV  
  44  3:51  SCV  
  44  3:54  Barracks  
  46  3:56  Barracks  
  46  4:01  Engineering Bay  
  47  4:02  SCV  
  47  4:03  SCV  
  47  4:08  Supply Depot  
  48  4:11  Marine x2  
  48  4:12  Factory Tech Lab, Starport Tech Lab  
  50  4:20  SCV  
  50  4:21  SCV  
  52  4:25  Supply Depot  
  52  4:27  Terran Infantry Weapons Level 1  
  52  4:30  Refinery  
  52  4:33  SCV x2  
  54  4:44  Supply Depot  
  54  4:45  SCV x2  
  56  4:48  Factory Reactor  
  56  4:50  Starport Reactor  
  56  4:55  Marauder  
  56  4:56  Marauder  
  56  4:57  Marine x2  
  62  5:01  SCV x2  
  62  5:06  Supply Depot, Combat Shield  
  64  5:08  Supply Depot  
  64  5:13  SCV x2  
  66  5:16  Marauder, Marine x2  
  66  5:17  Marauder  
  72  5:26  Widow Mine x2  
  78  5:28  SCV x2  
  78  5:34  Marine  
  78  5:35  Marine  
  80  5:38  Marauder x2  
  80  5:39  Supply Depot  
  80  5:40  SCV x2  
  80  5:42  Supply Depot  
  86  5:49  Widow Mine x2  
  90  5:50  Medivac x2  
  94  6:00  Marine x2  
  94  6:01  Marauder, SCV x2  
  94  6:02  Marauder  
  106  6:13  SCV  
  107  6:23  Supply Depot x2  
Show
View Real Time Build Order
Export as new Build Order

A.I. 1 (Very Easy) Protoss - Winner!

Build Orders:  

Get SALT Encoding   

  12  0:00  Probe  
  13  0:13  Probe  
  14  0:20  Pylon  
  14  0:36  Assimilator  
  14  0:43  Gateway  
  14  0:48  Pylon  
  14  1:14  Assimilator  
  14  1:23  Probe  
  14  1:24  Zealot  
  14  1:31  Probe  
  15  1:35  Cybernetics Core  
  18  1:41  Probe  
  19  1:53  Probe  
  20  2:01  Probe  
  21  2:10  Probe  
  21  2:11  Warp Gate  
  22  2:43  Stalker  
Tags
 
League
Master
Matchup
PvT
Spawn Locations
Cross Positions
Add a new tag
Caveats
  • Supply blocks, unpowered buildings, or Contaminate may cause inaccurate times.
  • Supply counts are checked every 10 seconds.